Map: Amphion LE

Players

jeannysu

  • Race: Zerg Zerg
  • Spawn Location: 7:00

치터 칸 (가장 어려움) - Winner!

  • Race: Zerg Zerg
  • Spawn Location: 11:00

VOD

Have the link to the VOD?

Description

Time

  • Played on: Sept. 3, 2025, 10:40 a.m.
  • Length: 10:29
Show
View Real Time Build Order
Export as new Build Order

jeannysu Zerg 

Build Orders: Hatch First 

Get SALT Encoding   

  12  0:03  Drone  
  13  0:13  Overlord  
  13  0:18  Drone  
  14  0:31  Drone x2  
  16  0:50  Hatchery  
  16  0:53  Drone  
  16  0:57  Drone  
  16  1:01  Drone  
  18  1:11  Extractor  
  18  1:17  Spawning Pool  
  16  1:20  Drone  
  16  1:23  Drone  
  18  1:29  Drone  
  19  1:40  Drone  
  20  2:04  Zergling x4, Queen x2  
  20  2:05  Drone  
  27  2:12  Overlord  
  27  2:19  Drone  
  28  2:33  Drone  
  28  2:34  Drone  
  28  2:35  Drone x2  
  32  2:48  Hatchery  
  32  2:51  Overlord  
  31  2:53  Zergling x2  
  32  3:04  Drone x2  
  33  3:06  Queen  
  33  3:12  Queen  
  37  3:15  Drone  
  37  3:18  Drone  
  39  3:25  Drone x3  
  42  3:28  Overlord  
  42  3:33  Metabolic Boost  
  42  3:48  Queen  
  42  3:49  Queen  
  46  4:00  Drone x3  
  49  4:06  Zergling x2  
  49  4:07  Zergling x8  
  49  4:08  Queen  
  56  4:12  Overlord  
  56  4:28  Spine Crawler  
  55  4:35  Overlord x2  
  55  4:38  Drone, Extractor  
  54  4:39  Drone, Extractor  
  54  4:41  Zergling x6  
  54  4:42  Zergling x6  
  61  4:50  Drone  
  61  4:51  Drone x4  
  61  4:52  Overlord  
  66  5:05  Drone  
  66  5:06  Drone  
  68  5:10  Lair  
  68  5:15  Baneling Nest  
  68  5:19  Drone x2  
  68  5:20  Drone x6  
  68  5:21  Drone  
  76  5:29  Drone x2  
  76  5:30  Drone x2, Overlord  
  80  5:47  Drone x3, Extractor  
  80  5:48  Drone  
  83  5:53  Drone x4  
  87  6:07  Zergling x12, Extractor  
  87  6:08  Zergling x8, Overlord  
  87  6:09  Overlord x2, Extractor  
  95  6:22  Centrifugal Hooks  
  95  6:27  Hydralisk Den  
  95  6:29  Baneling x10  
  95  6:30  Baneling x5  
  94  6:38  Zergling x22  
  94  6:39  Zergling x4  
  107  6:54  Drone  
  107  6:56  Overlord x3  
  107  6:59  Muscular Augments  
  107  7:01  Drone x2  
  110  7:04  Evolution Chamber  
  110  7:06  Evolution Chamber  
  108  7:09  Baneling x4  
  108  7:10  Zergling x2, Baneling x4  
  108  7:11  Zergling x22  
  120  7:18  Hydralisk x2  
  124  7:37  Hydralisk x7  
  111  7:38  Zergling x2  
  111  7:39  Zergling x6  
  111  7:40  Zergling x4  
  111  7:41  Zergling x2  
  125  7:52  Zergling x6  
  125  7:57  Zerg Melee Weapons Level 1, Zerg Missile Weapons Level 1  
  128  8:02  Drone x3  
  128  8:03  Grooved Spines  
  131  8:19  Drone x4  
  135  8:20  Infestation Pit  
  135  8:23  Lurker Den  
  135  8:25  Hydralisk x2, Zergling x2  
  135  8:26  Zergling x10  
  143  8:33  Baneling x5  
  143  8:34  Baneling x2  
  143  8:44  Spire  
  143  8:45  Overlord  
  142  8:59  Zergling x2  
  142  9:00  Zergling x18  
  142  9:01  Overlord  
  142  9:02  Overlord x3  
  146  9:12  Hatchery  
  145  9:30  Zergling x18  
  145  9:31  Zergling x12  
  143  10:04  Zergling x22  
  154  10:11  Overlord x3  
Show
View Real Time Build Order
Export as new Build Order

치터 칸 (가장 어려움) Zerg - Winner!

Build Orders: Pool First, Lurkers 

Get SALT Encoding   

  12  0:00  Drone  
  13  0:12  Overlord  
  13  0:15  Drone  
  14  0:30  Drone x2  
  14  0:34  Drone  
  17  0:42  Spawning Pool  
  17  0:44  Drone  
  17  1:00  Hatchery  
  17  1:03  Drone  
  17  1:06  Extractor  
  17  1:09  Drone  
  17  1:10  Extractor  
  16  1:16  Drone  
  17  1:27  Drone  
  18  1:38  Drone, Queen  
  21  1:48  Overlord  
  21  1:59  Zergling x2  
  22  2:10  Drone  
  22  2:12  Drone  
  22  2:13  Queen  
  26  2:21  Drone, Roach Warren  
  26  2:23  Drone  
  27  2:31  Drone  
  27  2:33  Drone  
  29  2:42  Drone  
  30  2:44  Zergling x2  
  31  2:53  Zergling x2  
  31  2:55  Overlord  
  31  2:58  Drone x2  
  34  3:02  Lair  
  34  3:04  Roach  
  36  3:06  Overlord  
  36  3:09  Overlord  
  36  3:14  Roach  
  36  3:18  Roach  
  40  3:20  Zergling x4, Roach  
  40  3:26  Drone, Zergling x2  
  40  3:27  Drone x2  
  48  3:29  Overlord  
  48  3:37  Roach  
  48  3:40  Roach  
  52  3:48  Roach  
  54  3:51  Drone, Overlord, Roach  
  54  3:52  Roach  
  54  3:55  Drone x2, Roach  
  63  3:59  Overlord  
  64  4:02  Drone  
  64  4:03  Hydralisk Den  
  63  4:10  Drone  
  64  4:25  Overlord  
  64  4:31  Hydralisk x2  
  64  4:32  Hydralisk  
  64  4:34  Hydralisk x4  
  64  4:35  Hydralisk  
  80  4:40  Hydralisk  
  82  4:46  Hydralisk  
  82  4:51  Hydralisk, Overlord  
  82  4:52  Hydralisk x2  
  90  4:55  Hydralisk, Overlord  
  92  5:02  Baneling Nest  
  92  5:03  Drone  
  92  5:08  Drone, Extractor  
  92  5:09  Drone x2  
  92  5:10  Metabolic Boost  
  92  5:13  Drone  
  95  5:18  Extractor  
  95  5:19  Drone  
  95  5:23  Drone x3, Evolution Chamber  
  95  5:24  Drone  
  95  5:25  Infestation Pit  
  95  5:27  Drone, Overlord  
  95  5:28  Drone  
  99  5:31  Drone  
  100  5:36  Drone  
  100  5:38  Evolution Chamber  
  100  5:39  Hatchery  
  100  5:42  Drone  
  100  5:46  Drone, Baneling  
  100  5:47  Baneling  
  100  5:48  Baneling  
  100  5:49  Zerg Ground Armor Level 1  
  101  5:52  Overlord  
  101  5:53  Baneling x3  
  101  5:55  Drone x3  
  101  5:56  Ravager  
  105  5:57  Drone  
  105  5:59  Drone x3  
  105  6:02  Ravager  
  105  6:03  Zerg Missile Weapons Level 1  
  110  6:04  Drone  
  110  6:09  Drone  
  112  6:12  Glial Reconstitution  
  112  6:15  Overlord  
  112  6:17  Pneumatized Carapace  
  112  6:18  Spine Crawler  
  111  6:19  Drone  
  111  6:20  Spine Crawler  
  111  6:23  Burrow  
  111  6:25  Baneling x2  
  111  6:26  Zergling x2, Baneling, Infestor  
  111  6:27  Drone  
  115  6:35  Infestor  
  115  6:36  Overseer, Overlord  
  117  6:42  Centrifugal Hooks  
  117  6:45  Roach  
  119  6:47  Infestor  
  119  6:48  Roach  
  119  6:51  Queen  
  119  6:52  Drone x2  
  127  6:57  Zergling x2, Baneling x4  
  127  6:58  Zergling x2, Baneling  
  127  6:59  Drone x2, Overlord  
  127  7:00  Extractor  
  130  7:02  Drone x3, Spore Crawler  
  130  7:03  Drone  
  130  7:04  Spore Crawler  
  130  7:06  Spine Crawler  
  130  7:08  Extractor  
  130  7:09  Drone  
  130  7:10  Drone  
  130  7:12  Drone  
  130  7:14  Neural Parasite  
  133  7:19  Drone  
  133  7:20  Queen  
  133  7:21  Overlord  
  136  7:23  Drone  
  136  7:25  Lurker Den  
  134  7:30  Drone, Roach x2  
  134  7:31  Drone  
  134  7:33  Drone  
  134  7:34  Roach  
  134  7:35  Drone x3, Hatchery  
  139  7:42  Drone  
  139  7:43  Drone  
  139  7:44  Spine Crawler  
  140  7:45  Drone  
  140  7:49  Evolution Chamber  
  140  7:53  Drone, Zerg Ground Armor Level 2  
  140  7:54  Drone  
  140  7:55  Overlord  
  142  8:00  Zerg Missile Weapons Level 2  
  142  8:01  Infestor  
  142  8:02  Infestor  
  142  8:03  Drone x2  
  148  8:07  Drone x3  
  148  8:08  Drone x2  
  148  8:09  Drone x3  
  156  8:16  Drone, Overseer, Overlord  
  156  8:17  Spine Crawler  
  156  8:18  Drone, Overseer  
  157  8:20  Spore Crawler  
  157  8:26  Lurker x2, Spire  
  157  8:27  Drone x2  
  158  8:29  Zergling x2, Hive  
  158  8:34  Zergling x4, Overlord  
  161  8:37  Zergling x2  
  161  8:38  Zergling x4  
  165  8:50  Roach  
  165  8:51  Roach x2  
  165  8:52  Drone, Overlord, Spine Crawler, Baneling  
  165  8:53  Zergling x4, Baneling x2, Roach  
  165  8:54  Baneling, Spore Crawler  
  174  8:55  Drone  
  174  8:58  Roach  
  174  9:01  Zergling x2, Baneling x4  
  174  9:02  Zergling x2, Baneling  
  177  9:03  Zergling x2, Tunneling Claws, Baneling  
  177  9:07  Infestor  
  177  9:08  Extractor  
  177  9:09  Hydralisk, Drone, Lurker  
  183  9:10  Spine Crawler, Ravager  
  183  9:11  Drone  
  183  9:13  Spine Crawler, Roach  
  183  9:15  Drone, Spine Crawler, Ravager, Roach  
  183  9:17  Drone x2, Lurker  
  188  9:19  Spine Crawler  
  188  9:20  Drone  
  188  9:21  Hydralisk  
  192  9:26  Baneling x2  
  192  9:27  Zergling x2  
  192  9:28  Baneling, Infestor  
  192  9:29  Zergling x2, Baneling x2  
  192  9:30  Drone  
  196  9:31  Zergling x2  
  196  9:32  Drone, Overlord  
  196  9:33  Drone  
  195  9:41  Drone  
  191  9:45  Viper  
  191  9:46  Drone  
  191  9:47  Drone  
  191  9:48  Drone, Baneling x2  
  191  9:49  Drone, Hatchery, Baneling  
  191  9:50  Drone x2, Baneling  
  191  9:51  Drone, Viper  
  191  9:52  Queen  
  200  9:58  Roach  
  199  10:01  Zergling x2, Extractor  
  199  10:02  Drone, Roach x2  
  199  10:04  Zergling x2, Spore Crawler  
  199  10:07  Roach, Spore Crawler  
  199  10:08  Drone  
  199  10:09  Drone, Baneling, Spore Crawler  
  199  10:10  Drone, Zergling x2, Baneling  
  199  10:11  Zergling x2, Spore Crawler  
  199  10:12  Ravager  
  199  10:13  Drone, Hatchery, Spine Crawler  
  199  10:14  Drone  
  200  10:20  Ravager  
Tags
 
Composition
Lurkers
Matchup
ZvZ
Race
Zerg
Replay Pack
새 폴더
Spawn Locations
Close Positions
Add a new tag
Caveats
  • Supply blocks, unpowered buildings, or Contaminate may cause inaccurate times.
  • Supply counts are checked every 10 seconds.